 Dungeon Crawl Stone Soup version 0.26.1-10-gdfb7c7de75 (webtiles) character file.

Game seed: 12094135081341053029

301 phalm the Shield-Bearer (level 6, 0/39 HPs)
             Began as a Gargoyle Fighter on Apr 9, 2021.
             Killed by divine providence
             ... invoked by an orc priest
              (9 damage)
             ... on level 4 of the Dungeon.
             The game lasted 00:05:48 (3176 turns).

phalm the Shield-Bearer (Gargoyle Fighter)          Turns: 3176, Time: 00:05:48

Health: 0/39       AC: 14    Str: 22    XL:     6   Next: 37%
Magic:  6/6        EV:  7    Int:  8    God:
Gold:   162        SH: 10    Dex:  9    Spells: 5/5 levels left

rFire    . . .     SeeInvis .   v - +7 club
rCold    . . .     Faith    .   c - +0 kite shield
rNeg     + . .     Spirit   .   b - +0 scale mail
rPois    ∞         Reflect  .   u - +0 helmet
rElec    +         Harm     .   (no cloak)
rCorr    .         Rampage  .   (no gloves)
Will     .....                  k - +0 pair of boots
Stlth    ..........             (no amulet)
HPRegen  0.13/turn              (no ring)
MPRegen  0.10/turn              (no ring)

@: no status effects
A: negative energy resistance 1, electricity resistance, unbreathing,
petrification resistance, miasma immunity, AC +4
a: no special abilities


You were on level 4 of the Dungeon.
You visited 1 branch of the dungeon, and saw 4 of its levels.

You collected 162 gold pieces.

Inventory:

Hand Weapons
 a - a +0 flail
 v - a +7 club (weapon)
Armour
 b - a +0 scale mail (worn)
 c - a +0 kite shield (worn)
 k - a +0 pair of boots (worn)
 t - a +0 chain mail
 u - a +0 helmet (worn)
Jewellery
 h - an uncursed ring of fire
Scrolls
 e - a scroll of enchant armour {unknown}
 i - 3 scrolls of amnesia {unknown}
 j - 3 scrolls of remove curse {unknown}
 l - 2 scrolls of noise {unknown}
 n - 3 scrolls of teleportation {unknown}
 r - a scroll of fear {unknown}
Potions
 d - a potion of might
 f - a potion of magic {unknown}
 g - 2 potions of haste
 m - a potion of heal wounds {unknown}
 o - a potion of lignification {unknown}
 p - a potion of curing {unknown}
 q - a potion of cancellation {unknown}
 s - a potion of attraction {unknown}


   Skills:
 + Level 4.3 Fighting
 * Level 4.0 Maces & Flails
 + Level 4.4 Armour
 * Level 5.0 Shields


You had 5 spell levels left.
You didn't know any spells.
Your spell library was empty.

Dungeon Overview and Level Annotations

Branches:
Dungeon (4/15)
 Temple: D:4-7

Altars:


Innate Abilities, Weirdness & Mutations

You are resistant to torment.
Your stone body is resilient. (AC +4)
You are immune to poison.
You resist negative energy. (rN+)
You are resistant to electric shocks. (rElec)
You can survive without breathing.
You are immune to petrification.
You are immune to miasma.


Message History

You block the orc warrior's attack. The orc priest closely misses you.
You barely miss the orc priest.
The orc priest is moderately wounded.
The orc warrior hits you with a +0 hand axe!
The orc priest hits you with a +0 flail.
You are too injured to fight recklessly!
You are too injured to fight recklessly!
You hit the orc priest but do no damage.
The orc priest is moderately wounded.
The orc warrior hits you with a +0 hand axe!
The orc priest hits you with a +0 flail.
* * * LOW HITPOINT WARNING * * *
The orc hits you but does no damage.
You hit the orc priest.
The orc priest is severely wounded.
The orc warrior hits you but does no damage.
The orc hits you but does no damage.
The orc priest calls down the wrath of Beogh upon you.
Beogh smites you!
You die...

#.# #.# #)# #.# ###.#
###.### ....#
#.....##### .##.#
#.........#
....###.....# #.#
.##.........###.##
.##...........$..##
................@o#
................oo...)..
#.#.....#.........##...#
#.###.#.##...#...## .##
#. #....###.###.## .
#......... ..#
###..........# ### ####


You could see an orc warrior, an orc priest and an orc.

Vanquished Creatures
  A phantom (D:2)
  An orc priest (D:3)
  2 worker ants (D:4)
  Robin (D:4)
  3 adders (D:3)
  3 dart slugs
  4 leopard geckos
  11 orcs
  A ball python (D:2)
  7 bats
  5 giant cockroaches
  17 goblins
  6 hobgoblins
  2 jackals (D:4)
  6 kobolds
  A quokka (D:2)
  4 frilled lizards
  6 rats
81 creatures vanquished.

Notes
Turn   | Place    | Note
-------+----------+-------------------------------------------
     0 | D:1      | phalm the Gargoyle Fighter began the quest for the Orb.
     0 | D:1      | Reached XP level 1. HP: 14/14 MP: 1/1
   132 | D:1      | Reached XP level 2. HP: 19/19 MP: 2/2
   827 | D:2      | Reached XP level 3. HP: 23/23 MP: 3/3
  1258 | D:2      | Noticed a phantom
  1293 | D:2      | Killed a phantom
  1294 | D:2      | Reached skill level 4 in Shields
  1294 | D:2      | Reached XP level 4. HP: 24/29 MP: 4/4
  1294 | D:2      | Reached XP level 5. HP: 27/33 MP: 5/5
  2909 | D:4      | Reached XP level 6. HP: 38/38 MP: 6/6
  2994 | D:4      | Noticed Robin
  3044 | D:4      | Killed Robin
  3045 | D:4      | Reached skill level 5 in Shields
  3167 | D:4      | Noticed an orc warrior
  3176 | D:4      | Killed from afar by an orc priest

Illustrated notes

Levels and vault maps discovered:
D:1:      amcnicky_arrival_blooded_trapdoor, layout_rooms, minmay_tiny_reverse_x
D:2:      layout_loops_corners, st_stairs_11
D:3:      layout_loops_ring
D:4:      layout_loops_ring, nicolae_overflow_hidden_temple, serial_shops, shop,
          grunt_ministairs_4, uniq_robin

Skill      XL: |  1  2  3  4  5  6 |
---------------+-------------------+-----
Maces & Flails | 3 4 |  4.0
Armour         | 4 |  4.4
Shields        | 4 5 |  5.0
Fighting       | 4 |  4.3

Action                   |  1- 3 |  4- 6 || total
-------------------------+-------+-------++-------
Melee: Flail             |   102 |   216 ||   318
       Club              |       |     9 ||     9
Armor: Scale mail        |    48 |   140 ||   188
Dodge: Dodged            |    28 |    54 ||    82
Block: Kite shield       |    44 |   113 ||   157
